 Dungeon Crawl Stone Soup version 0.17-a0-4-gb793c6d (webtiles) character file.

413 pipqiq the Covered (level 6, -4/53 HPs)
             Began as a Minotaur Fighter on Mar 4, 2015.
             Was an Initiate of Trog.
             Killed by drain life
             ... invoked by a soul eater
             ... summoned by the anger of Yredelemnul
              (18 damage)
             ... on level 3 of the Dungeon.
             The game lasted 01:03:20 (3594 turns).

pipqiq the Covered (Minotaur Fighter)               Turns: 3594, Time: 01:03:21

Health: -4/53      AC: 10    Str: 21    XL:     6   Next: 59%
Magic:  3/3        EV:  6    Int:  7    God:    Trog [......]
Gold:   186        SH: 10    Dex: 11    Spells: 0 memorised, 5 levels left

rFire  . . .     SeeInvis .     x - +2 hammer (crush)
rCold  . . .     Clarity  .     E - +0 chain mail
rNeg   . . .     SustAb   .     c - +0 shield (curse)
rPois  .         Gourm    .     (helmet restricted)
rElec  .         Spirit   .     (no cloak)
rCorr  .         Warding  .     (no gloves)
rMut   .         Stasis   .     (no boots)
MR     .....                    (no amulet)
Stlth  ..........               g - +2 ring of intelligence
                                j - ring of wizardry

@: drained, not resistant to hostile enchantments, extremely unstealthy
A: retaliatory headbutt, horns 2
a: Burn Spellbooks, Renounce Religion


You were on level 3 of the Dungeon.
You worshipped Trog.
Trog was noncommittal.
You were not hungry.

You visited 1 branch of the dungeon, and saw 3 of its levels.

You collected 186 gold pieces.

Inventory:

Hand weapons
 a - a +0 long sword
 l - a +0 dagger
 p - a +0 short sword
 u - a +0 hunting sling
 w - a +0 hammer of protection
 x - a +2 hammer of crushing (weapon)
 A - a +0 mace
 D - a +0 trident
 K - a +0 dagger of venom
Missiles
 n - 22 bolts
 o - 15 poisoned needles
 v - 29 stones (quivered)
 y - 16 bolts of flame
 G - 15 arrows
 H - 18 sling bullets
Armour
 b - a +0 scale mail
 c - a cursed +0 shield (worn)
 E - a +0 chain mail (worn)
Jewellery
 g - a +2 ring of intelligence (right hand)
 j - a ring of wizardry (left hand)
Scrolls
 k - 3 scrolls of immolation {unknown}
 q - a scroll of enchant weapon {unknown}
 r - 7 scrolls of identify {unknown}
 B - a scroll of enchant armour {unknown}
 C - a scroll of random uselessness {unknown}
 J - a scroll of teleportation {unknown}
Potions
 e - a potion of haste {unknown}
 f - 2 potions of lignification {unknown}
 h - a potion of restore abilities {unknown}
 i - a potion of flight {unknown}
 m - 3 potions of curing {unknown}
 s - a potion of berserk rage {unknown}
 F - a potion of heal wounds {unknown}
 I - a potion of mutation {unknown}
Comestibles
 d - 4 bread rations
 t - a meat ration
 z - a fruit


   Skills:
 + Level 4.5(4.2) Fighting
 + Level 2.8(2.5) Long Blades
 + Level 2.1(1.8) Maces & Flails
 + Level 5.9(5.6) Armour
 + Level 2.7(2.4) Dodging
 + Level 5.5(5.1) Shields


You had 5 spell levels left.
You didn't know any spells.

Dungeon Overview and Level Annotations

Branches:
Dungeon (3/15)

Altars:
Qazlal
Trog
Yredelemnul
Zin


Innate Abilities, Weirdness & Mutations

You reflexively headbutt those who attack you in melee.
You have a pair of horns on your head.


Message History

You hit the soul eater but do no damage.
Your headbutt misses the soul eater.
The soul eater hits you but does no damage.
You barely miss the soul eater.
The soul eater draws from the surrounding life force!
Your chain mail prevents you from hitting the soul eater.
The soul eater hits you!
You feel drained.
* * * LOW HITPOINT WARNING * * *
You offer a prayer to Trog.
Trog is noncommittal.
Use which ability? (? or * to list)
Okay, then.
You block the soul eater's attack.
An adder comes into view.
There is an open door here.
You block the adder's attack. The adder barely misses you.
There is an open door here.
The soul eater draws from the surrounding life force!
You die...

###########...............
#.........................
##.########...#........)..
#.# ##..'..)........ #.#
##.##........... #.#
#...#........... #.#
#...###.#....... #.#
#####3S.###.#....... #)#
#..@'...............
#)####.###...###.#.......
#(##.....'....##.#.......
##.##.#.###....##.#.......
#..........#.#.##.########
##..#)#.##...#.##.#
##..#.#.######.##.#
#...#.#........##.#######
#####.#####.............#


You could see a soul eater and an adder.

Vanquished Creatures
  Grinder (D:3)
  Crazy Yiuf (D:2)
  A hound (D:3)
  Jessica (D:2)
  Terence (D:3)
  3 gnolls (D:3)
  A mummy (D:3)
  2 adders (D:3)
  A giant mite (D:1)
  3 giant geckos
  An ooze (D:3)
  6 orcs (D:3)
  7 bats
  12 goblins
  10 hobgoblins
  4 kobolds
  2 quokkas (D:2)
  2 giant newts (D:1)
  2 gnoll zombies (D:2)
  5 jackals
  3 rats
69 creatures vanquished.

Notes
Turn   | Place    | Note
--------------------------------------------------------------
     0 | D:1      | pipqiq, the Minotaur Fighter, began the quest for the Orb.
     0 | D:1      | Reached XP level 1. HP: 19/19 MP: 1/1
   276 | D:1      | Reached XP level 2. HP: 27/27 MP: 1/1
   324 | D:1      | Reached skill level 4 in Shields
   938 | D:2      | Reached XP level 3. HP: 31/33 MP: 2/2
   997 | D:2      | Noticed Jessica
  1023 | D:2      | Killed Jessica
  1196 | D:2      | Noticed Crazy Yiuf
  1211 | D:2      | Killed Crazy Yiuf
  1211 | D:2      | Reached skill level 1 in Dodging
  1211 | D:2      | Reached XP level 4. HP: 10/40 MP: 2/2
  1560 | D:2      | Found a basalt altar of Yredelemnul.
  1570 | D:2      | Became a worshipper of Yredelemnul the Dark
  1788 | D:2      | Found a bloodstained altar of Trog.
  1795 | D:2      | Found a glowing silver altar of Zin.
  1797 | D:2      | Found a stormy altar of Qazlal.
  1809 | D:2      | Fell from the grace of Yredelemnul
  1809 | D:2      | Became a worshipper of Trog the Wrathful
  2282 | D:3      | Noticed Terence
  2298 | D:3      | Killed Terence
  2330 | D:3      | Reached skill level 5 in Shields
  2330 | D:3      | Reached XP level 5. HP: 32/46 MP: 2/2
  2472 | D:3      | Reached skill level 5 in Armour
  3350 | D:3      | Noticed Grinder
  3355 | D:3      | Paralysed by Grinder for 5 turns
  3365 | D:3      | Killed Grinder
  3365 | D:3      | Reached XP level 6. HP: 12/53 MP: 3/3
  3576 | D:3      | Noticed a soul eater
  3594 | D:3      | Killed from afar by a soul eater

Action                   |  1- 3 |  4- 6 || total
-------------------------+-------+-------++-------
Melee: Long sword        |    60 |       ||    60
       Hammer            |    12 |   153 ||   165
  Use: Potion            |     2 |     1 ||     3
  Eat: Chunk             |     1 |     2 ||     3
       Meat ration       |       |     1 ||     1
       Fruit             |       |     1 ||     1
